 Dungeon Crawl Stone Soup version 0.29.1-12-g30fa7ad0bf (webtiles) character file.

Game seed: 2615933406353662338

9 hawla the Chiller (level 2, -2/20 HPs)
             Began as a Meteoran Ice Elementalist on Dec 15, 2022.
             Slain by a gnoll
             ... wielding a +0 whip
              (8 damage)
             ... on level 2 of the Dungeon.
             The game lasted 00:00:38 (118 turns).

hawla the Chiller (Meteoran Ice Elementalist)        Turns: 118, Time: 00:00:39

Health: -2/20      AC:  2    Str:  9    XL:     2   Next: 35%
Magic:  2/6        EV: 12    Int: 16    God:
Gold:   0          SH:  0    Dex: 14    Spells: 5/6 levels left

rFire   . . .      SeeInvis .   (no weapon)
rCold   . . .      Faith    .   (no shield)
rNeg    . . .      Spirit   .   a - +0 robe
rPois   .          Reflect  .   (no helmet)
rElec   .          Harm     .   (no cloak)
rCorr   .          Rampage  .   (no gloves)
Will    .....                   (no boots)
Stlth   +.........              (no amulet)
HPRegen 0.06/turn               (no ring)
MPRegen 0.10/turn               (no ring)

@: glowing
A: sense surroundings 1, otherworldly, glowing, explore regen
a: no special abilities


You were on level 2 of the Dungeon.
You visited 1 branch of the dungeon, and saw 2 of its levels.

Inventory:

Armour
 a - a +0 robe (worn)
Scrolls
 c - a scroll of immolation {unknown}
Potions
 b - a potion of magic


   Skills:
 + Level 2.4 Dodging
 - Level 1.4 Stealth
 + Level 2.8 Spellcasting
 + Level 4.8 Ice Magic


You had 5 spell levels left.
You knew the following spells:

 Your Spells              Type           Power      Damage    Failure   Level
a - Freeze                Ice            68%        1d8       2%          1

Your spell library contained the following spells:

 Spells                   Type           Power      Damage    Failure   Level
 Frozen Ramparts          Ice            34%        1d6       8%          3
 Ozocubu's Armour         Ice            17%        N/A       8%          3
 Hailstorm                Conj/Ice       10%        3d5       56%         4


Dungeon Overview and Level Annotations

Branches:
Dungeon (2/15) Zot: 1080

Altars:


Innate Abilities, Weirdness & Mutations

You passively map a small area around you.
You are easily found by Zot.
You glow in the dark.
You regain HP and MP as you explore.


Message History

Found a scroll labelled KEETEL PINI.
The gnoll shouts!
The gnoll moves out of view.
Casting: Freeze (safe; 2% risk of failure)
Confirm with . or Enter, or press ? or * to list all spells.
Aiming: Freeze (safe; 2% risk of failure)
Press: ? - help, Shift-Dir - straight line, f - hobgoblin
Aim: a hobgoblin You freeze the hobgoblin.
The hobgoblin is heavily wounded.
The hobgoblin hits you.
Casting: Freeze (safe; 2% risk of failure)
Confirm with . or Enter, or press ? or * to list all spells.
Aiming: Freeze (safe; 2% risk of failure)
Press: ? - help, Shift-Dir - straight line, f/p - hobgoblin
Aim: a hobgoblin (heavily wounded)
You freeze the hobgoblin.
You kill the hobgoblin!
Unknown command.
The gnoll shouts!
A quokka comes into view.
The gnoll attacks as you move away! The gnoll hits you with a +0 whip.
Casting: Freeze (safe; 2% risk of failure)
Confirm with . or Enter, or press ? or * to list all spells.
Aiming: Freeze (safe; 2% risk of failure)
Press: ? - help, Shift-Dir - straight line, f - gnoll
Aim: a gnoll, wielding a +0 whip You freeze the gnoll.
The gnoll is heavily wounded.
The gnoll hits you with a +0 whip!
* * * LOW HITPOINT WARNING * * *
Casting: Freeze (safe; 2% risk of failure)
Confirm with . or Enter, or press ? or * to list all spells.
Aiming: Freeze (safe; 2% risk of failure)
Press: ? - help, Shift-Dir - straight line, f/p - gnoll
Aim: a gnoll, wielding a +0 whip (heavily wounded)
You freeze the gnoll.
The gnoll is heavily wounded.
The gnoll hits you with a +0 whip!
You die...

* .. ,#.# *,, *.. *...#
..####### , ,,§* *
#.....#.....†.. * § *
#...#...####### ,♣§
#.....#.# ##
..♣♣.♣♣♣##...#...# ###. ,
.....?# #....#.## #... *
rP♣♣♣♣..P####.#....###.P♣
,......♣♣@#......#.......P
^ *
♣♣♣.gg##.##.#...####P♣♣
♣g....†........## #...
.P.♣...##..#.#.#.# #.#. ,
* . ♣♣♣P♣...#.#.#.# #.## ,
,* .P.♣..#.#.#.# #.#. *
,,,♣.♣.P..#.#.#.# #.#. , ,
,..P.♣...#.#.#.# #... ,
,♣.P.♣#..#.#.#.# #..P


You could see 3 gnolls.

Vanquished Creatures
  A ball python (D:2)
  2 endoplasms (D:2)
  2 hobgoblins
  A quokka (D:2)
  A frilled lizard (D:2)
7 creatures vanquished.

Notes
Turn   | Place    | Note
-------+----------+-------------------------------------------
     0 | D:1      | hawla the Meteoran Ice Elementalist began the quest for the
                  | Orb.
     0 | D:1      | Reached XP level 1. HP: 14/14 MP: 5/5
    81 | D:2      | Reached XP level 2. HP: 18/20 MP: 4/6
   118 | D:2      | Slain by a gnoll

Illustrated notes

Levels and vault maps discovered:
D:1:      lightli_arrival_windingriver, layout_basic,
          hellmonk_ecumenical_altar_crossroads
D:2:      wad_woods_tower, layout_basic, serial_forest,
          infiniplex_forest_end_double, infiniplex_forest_clump_C,
          infiniplex_forest_lined_1, infiniplex_forest_clump_diagonal,
          infiniplex_forest_join, infiniplex_forest_clump_large,
          minmay_misc_feat_pillars, chequers_serial_rivers_small_a,
          nrook_campfire, roderic_serpentine_path, uniq_sigmund

Action                   || total
-------------------------++-------
Melee: Unarmed           ||     1
 Cast: Freeze            ||    13
Armor: Robe              ||     1
Dodge: Dodged            ||     4
